 Dungeon Crawl Stone Soup version 0.18-a0-816-g97f838e (webtiles) character file.

35 cluie the Conjurer (level 3, 16/26 HPs)
             Began as a Demonspawn Conjurer on Dec 15, 2015.
             Quit the game on level 2 of the Dungeon.
             The game lasted 00:01:47 (964 turns).

cluie the Conjurer (Demonspawn Conjurer)             Turns: 964, Time: 00:01:47

Health: 16/26      AC:  3    Str:  8    XL:     3   Next: 16%
Magic:  2/6        EV: 12    Int: 17    God:
Gold:   55         SH:  0    Dex: 13    Spells: 2 memorised, 3 levels left

rFire  . . .     SeeInvis .     e - +0 spear
rCold  + . .     Clarity  .     a - +0 robe
rNeg   . . .     SustAt   .     (no shield)
rPois  +         Gourm    .     (helmet restricted)
rElec  .         Spirit   .     (no cloak)
rCorr  .         Dismiss  .     (no gloves)
rMut   .         Stasis   .     h - +0 pair of boots
MR     .....                    (no amulet)
Stlth  ++........               (no ring)
                                d - ring of poison resistance

@: mildly poisoned (16 -> 13), not resistant to hostile enchantments, unstealthy
A: antennae 1, cold resistance 1
a: no special abilities


You were on level 2 of the Dungeon.
You were not hungry.

You visited 1 branch of the dungeon, and saw 2 of its levels.

You collected 55 gold pieces.

Inventory:

Hand Weapons
 e - a +0 spear (weapon)
Armour
 a - a +0 robe (worn)
 h - a +0 pair of boots (worn)
Jewellery
 d - a ring of poison resistance (left hand)
Scrolls
 i - a scroll of blinking {unknown}
 j - a scroll of identify {unknown}
Potions
 f - a potion of curing {unknown}
 k - a potion of brilliance {unknown}
 l - a potion of flight {unknown}
Books
 b - a book of Conjurations

   Spells                             Type                      Level
   a - Magic Dart                     Conjuration                  1
   b - Searing Ray                    Conjuration                  2
   c - Dazzling Spray                 Conjuration/Hexes            3
   d - Fulminant Prism                Conjuration/Hexes            4
   e - Iskenderun's Mystic Blast      Conjuration                  4
   f - Iskenderun's Battlesphere      Conjuration/Charms           5
Comestibles
 c - a bread ration
 g - a beef jerky


   Skills:
 + Level 1.3 Fighting
 + Level 2.0 Dodging
 - Level 1.7 Stealth
 + Level 2.3 Spellcasting
 * Level 4.3 Conjurations


You had 3 spell levels left.
You knew the following spells:

 Your Spells              Type           Power        Failure   Level  Hunger
a - Magic Dart            Conj           ###.         3%          1    #......
b - Searing Ray           Conj           ###...       6%          2    ##.....


Dungeon Overview and Level Annotations

Branches:
Dungeon (2/15)

Altars:


Innate Abilities, Weirdness & Mutations

You have a pair of small antennae on your head.
Your flesh is cold resistant.


Message History

You feel sick. The adder bites you but does no damage.
You feel sick. The adder barely misses you.
Casting: Magic Dart
Confirm with . or Enter, or press ? or * to list all spells.
Aiming: Searing Ray
Press: ? - help, Shift-Dir - straight line, f/p - adder
Aim: an adder The searing ray hits the adder.
You kill the adder!
You have reached level 3!
Your experience leads to an increase in your attributes!
Increase (S)trength, (I)ntelligence, or (D)exterity?
You feel clever.
You feel monstrous as your demonic heritage exerts itself.
Your demonic ancestry asserts itself...
A pair of antennae grows on your head!
Enter note: fuck off crawl Are you sure you want to abandon this character and quit the game? (Confirm with "yes".)

#######'##
#.#########.#.#
#.####.#.........#.#
#....#.#.###.....#.#
####.#.#.##......#.#
#.#.#.##......#.##
#.#.#.##......#...
#.#.#.##..........
#.#.#.##..........
#@#.#.##.##.......
#†#.#.##. #.......
#...#.##. #.......
#.###.# #....... #.#
#.# #....... #.# #.#
#....... #.# #.# #.#
#.# #.# #.#


There were no monsters in sight!

Vanquished Creatures
  2 adders (D:2)
  A ball python (D:1)
  A goblin (D:1)
  3 hobgoblins (D:1)
  3 kobolds (D:1)
  5 bats
  A giant newt (D:1)
  4 rats (D:1)
20 creatures vanquished.

Notes
Turn   | Place    | Note
--------------------------------------------------------------
     0 | D:1      | cluie the Demonspawn Conjurer began the quest for the Orb.
     0 | D:1      | Reached XP level 1. HP: 13/13 MP: 3/3
   299 | D:1      | Reached skill level 1 in Fighting
   309 | D:1      | Gained mutation: Your flesh is cold resistant. [demonic ancestry]
   309 | D:1      | Reached XP level 2. HP: 16/21 MP: 0/5
   821 | D:2      | Learned a level 2 spell: Searing Ray
   963 | D:2      | Gained mutation: You have a pair of small antennae on your head. [demonic ancestry]
   963 | D:2      | Reached XP level 3. HP: 16/26 MP: 2/6
   964 | D:2      | fuck off crawl
   964 | D:2      | Quit the game

Vault maps used:
D:1:      dpeg_arrival_round_b
D:2:      nicolae_ru_sacrificial_ziggurat

Action                   || total
-------------------------++-------
Melee: Spear             ||    41
 Cast: Magic Dart        ||    18
       Searing Ray       ||     1
 Stab: Sleeping          ||     2
